 Dungeon Crawl Stone Soup version 0.27-a0-323-gbd089401bb (webtiles) character file.

Game seed: 28575533933703125

2975 skwiii the Stinger (level 9, -4/45 HPs)
             Began as a Tengu Venom Mage on Feb 11, 2021.
             Was a Follower of Vehumet.
             Slain by a yak (6 damage)
             ... on level 7 of the Dungeon.
             The game lasted 00:45:17 (12486 turns).

skwiii the Stinger (Tengu Venom Mage)              Turns: 12486, Time: 00:45:19

Health: -4/45      AC:  5    Str:  8    XL:     9   Next: 82%
Magic:  16/19      EV: 15    Int: 26    God:    Vehumet [*.....]
Gold:   59         SH:  5    Dex: 14    Spells: 10/20 levels left

rFire    . . .     SeeInvis +     - Unarmed
rCold    . . .     Faith    .   (no shield)
rNeg     . . .     Spirit   .   a - +0 robe
rPois    .         Reflect  +   J - +2 hat
rElec    .         Harm     .   (no cloak)
rCorr    .         Rampage  .   y - +0 pair of gloves
Will     .....                  (boots unavailable)
Stlth    ++........             n - amulet of reflection
HPRegen  0.15/turn              c - +6 ring of intelligence
MPRegen  0.16/turn              H - ring of see invisible

@: no status effects
A: beak, talons 3, able to fly
a: Fly, Renounce Religion


You were on level 7 of the Dungeon.
You worshipped Vehumet.
Vehumet was aware of your devotion.
You visited 2 branches of the dungeon, and saw 9 of its levels.

You collected 394 gold pieces.
You spent 335 gold pieces at shops.

Inventory:

Hand Weapons
 e - a +1 hand axe of flaming
 f - the +3 trident of the Sea {vamp, *Rage rElec Dex+4}
   (You took it off a centaur on level 5 of the Dungeon)

   It inflicts no extra harm, but heals its wielder when it wounds a living foe.
   It affects your dexterity (+4).
   It insulates you from electricity.
   It may make you go berserk in combat.
 t - the +9 battleaxe "Nafaser" {antimagic, rF++ rC- rN+ Str+2}
   (You found it on level 4 of the Dungeon)

   It reduces the magical energy of the wielder, and disrupts the spells and
   magical abilities of those hit.
   Natural abilities and divine invocations are not affected.
   It affects your strength (+2).
   It greatly protects you from fire.
   It makes you vulnerable to cold.
   It protects you from negative energy.
Missiles
 K - a throwing net
Armour
 a - a +0 robe (worn)
 y - a +0 pair of gloves (worn)
 A - a +1 ring mail of cold resistance
 G - a +0 robe
 J - a +2 hat (worn)
Magical Staves
 B - a staff of conjuration {unknown}
Jewellery
 c - a +6 ring of intelligence (left hand)
 g - a +6 ring of dexterity
 n - an amulet of reflection (around neck)
 q - an amulet of the acrobat
 E - an amulet of faith
 H - a ring of see invisible (right hand)
Wands
 j - a wand of charming (19)
 r - a wand of flame (46)
 u - a wand of random effects (21)
 v - a wand of acid (9)
Scrolls
 h - a scroll of fear {unknown}
 i - a scroll of amnesia {unknown}
 k - a scroll of silence {unknown}
 l - a scroll of enchant weapon {unknown}
 p - 2 scrolls of immolation
 w - a scroll of enchant armour {unknown}
 x - a scroll of blinking {unknown}
 C - a scroll of random uselessness {unknown}
 L - 4 scrolls of identify
 M - a scroll of summoning {unknown}
Potions
 b - 2 potions of magic
 d - a potion of flight
 m - 2 potions of might {unknown}
 o - 5 potions of curing
 s - a potion of berserk rage {unknown}
 z - a potion of attraction {unknown}
 D - a potion of degeneration {unknown}
 F - a potion of brilliance {unknown}


   Skills:
 - Level 0.4 Axes
 + Level 5.3 Dodging
 - Level 2.0 Stealth
 + Level 4.7 Unarmed Combat
 * Level 6.2 Spellcasting
 + Level 3.7 Transmutations
 * Level 3.2 Fire Magic
 + Level 6.3 Air Magic
 + Level 6.8 Poison Magic


You had 10 spell levels left.
You knew the following spells:

 Your Spells              Type           Power        Failure   Level
a - Sting                 Tmut/Pois      100%         1%          1
b - Poisonous Vapours     Pois/Air       84%          1%          2
c - Olgreb's Toxic Radia  Pois           43%          4%          4
d - Ignite Poison         Fire/Tmut/Pois 31%          3%          3

Your spell library contained the following spells:

 Spells                   Type           Power        Failure   Level
 Sandblast                Erth           16%          7%          1
 Mephitic Cloud           Conj/Pois/Air  30%          3%          3


Dungeon Overview and Level Annotations

Branches:
Dungeon (8/15)             Temple (1/1) D:6
   Lair: D:8-11

Altars:
Elyvilon
Kikubaaqudgha
Okawaru
Qazlal
Vehumet
Wu Jian
Xom

Shops:
D:7 =:[[


Innate Abilities, Weirdness & Mutations

You have a beak for a mouth.
You have claws for feet.
You can fly continuously.


Message History

You start resting.
Magic restored.
You start resting.
HP restored.
You see here a yak corpse.
There is a stone staircase leading down here.
You climb downwards.
The yak barely misses you. The yak gores you! x2
There is a stone staircase leading up, spattered with blood here.
Casting: Poisonous Vapours (safe; 1% risk of failure)
Confirm with . or Enter, or press ? or * to list all spells.
Aiming: Poisonous Vapours (safe; 1% risk of failure)
Press: ? - help, Dir - move target, f - yak
Aim: a yak Poisonous vapours surround the yak!
The yak is engulfed in poison gas.
The yak is poisoned.
The yak gores you. The yak gores you but does no damage.
Casting: Poisonous Vapours (safe; 1% risk of failure)
Confirm with . or Enter, or press ? or * to list all spells.
Aiming: Poisonous Vapours (safe; 1% risk of failure)
Press: ? - help, Dir - move target, f - you, p - yak
Okay, then.
The yak is engulfed in poison gas.
The yak looks even sicker.
The yak completely misses you. The yak barely misses you.
You climb upwards.
There is a stone staircase leading down here.
The yak barely misses you. The yak misses you. The yak gores you!
* * * LOW HITPOINT WARNING * * *
Okay, then.
Okay, then.
The yak gores you!
* * * LOW HITPOINT WARNING * * *
Casting: Poisonous Vapours (safe; 1% risk of failure)
Confirm with . or Enter, or press ? or * to list all spells.
Aiming: Poisonous Vapours (safe; 1% risk of failure)
Press: ? - help, Dir - move target, f - yak
Aim: a yak (moderately wounded, poisoned) Poisonous vapours surround the yak!
The yak barely misses you.
The yak is engulfed in poison gas.
The yak looks even sicker.
The yak gores you.
You die...

..#.....# #######.##.#
#.###.#. ..#.....#
###_#######.###..##.#.
..####### #8...8#
#....#.##.#. ###
##.....## #..#.#..#.#.
#8.....8####..#.##.#.#.
##...(.##)....#.##.#.##
#8...8######.#.##.#...
##.....##...#.#.##.#..#
#8...Y@8###.#.#.##.#...
##...Y.## #...#........
#8.†.8# #########..#.
###>##############..#(
##### #............#.
#..## ##########..>##
######### #.## ###.#
#.......# #.# #.##
#.#####.# ###.#####
#...


You could see 2 yaks.

Vanquished Creatures
  A two-headed ogre (D:8)
  2 yaks
  2 sky beasts
  2 ogres
  A centaur (D:5)
  Blork the orc (D:4)
  5 bullfrogs (D:7)
  4 scorpions
  2 howler monkeys
  2 hounds
  2 orc priests (D:3)
  2 bullfrog skeletons
  A centaur skeleton (D:8)
  2 jellies (D:7)
  3 iguanas
  9 worker ants
  2 orc wizards
  Ijyb (D:4)
  2 hound skeletons
  3 gnolls (D:7)
  14 adders
  A shadow imp (D:7)
  3 white imps
  3 ufetubi
  2 dart slugs (D:3)
  5 worms
  4 leopard geckos
  11 orcs
  A ball python (D:4)
  8 bats
  4 giant cockroaches
  8 goblins
  9 hobgoblins
  7 jackals
  6 kobolds
  3 quokkas
  7 frilled lizards
  A leopard gecko skeleton (D:5)
  9 rats
155 creatures vanquished.

Notes
Turn   | Place    | Note
-------+----------+-------------------------------------------
     0 | D:1      | skwiii the Tengu Venom Mage began the quest for the Orb.
     0 | D:1      | Reached XP level 1. HP: 10/10 MP: 4/4
   444 | D:1      | Reached XP level 2. HP: 13/15 MP: 0/6
   504 | D:1      | Learned a level 2 spell: Poisonous Vapours
  1421 | D:2      | Reached skill level 1 in Transmutations
  1534 | D:2      | Reached XP level 3. HP: 19/19 MP: 2/7
  1717 | D:2      | Reached skill level 1 in Air Magic
  2454 | D:2      | Found a faded altar of an unknown god.
  2489 | D:2      | Reached XP level 4. HP: 24/24 MP: 3/8
  3900 | D:3      | Gained mutation: You can fly continuously. [Tengu growth]
  3900 | D:3      | Reached XP level 5. HP: 17/28 MP: 3/10
  4783 | D:4      | Reached skill level 1 in Unarmed Combat
  4812 | D:4      | Reached XP level 6. HP: 27/32 MP: 8/11
  5820 | D:4      | Reached XP level 7. HP: 36/36 MP: 7/13
  5934 | D:4      | Noticed Blork the orc
  5942 | D:4      | Killed Blork the orc
  6066 | D:4      | Got a crystal battleaxe
  6104 | D:4      | Noticed Ijyb
  6113 | D:4      | Killed Ijyb
  6238 | D:4      | Identified the +9 battleaxe "Nafaser" {antimagic, rF++ rC-
                  | rN+ Str+2} (You found it on level 4 of the Dungeon)
  6240 | D:5      | Entered Level 5 of the Dungeon
  6269 | D:5      | Found a stormy altar of Qazlal.
  6277 | D:5      | Reached skill level 5 in Poison Magic
  6446 | D:5      | Found an iron altar of Okawaru.
  6780 | D:5      | Identified the +3 trident of the Sea {vamp, *Rage rElec
                  | Dex+4}
  7719 | D:6      | Reached XP level 8. HP: 41/41 MP: 12/15
  8863 | D:6      | Found a staircase to the Ecumenical Temple.
  8869 | Temple   | Entered the Ecumenical Temple
  8917 | Temple   | Became a worshipper of Vehumet
  9411 | D:7      | Found a shimmering altar of Xom.
  9502 | D:7      | Reached skill level 5 in Spellcasting
  9986 | D:7      | Found Xyxeggol's Antique Armour Shop.
  9999 | D:7      | Bought an embroidered hat for 140 gold pieces
 10032 | D:7      | Reached skill level 5 in Air Magic
 10094 | D:7      | Found Aremirr's Jewellery Shoppe.
 10110 | D:7      | Reached XP level 9. HP: 45/45 MP: 6/17
 10187 | D:7      | Bought a ring of see invisible for 195 gold pieces
 10472 | D:7      | Found Cil Evut's Antique Armour Boutique.
 10609 | D:7      | Found an ancient bone altar of Kikubaaqudgha.
 10789 | D:7      | Found Soxzeum's Book Shoppe.
 10979 | D:8      | Reached * piety under Vehumet
 10979 | D:8      | Offered knowledge of Sandblast by Vehumet.
 11020 | D:8      | Learned a level 4 spell: Olgreb's Toxic Radiance
 11024 | D:8      | Learned a level 3 spell: Ignite Poison
 11214 | D:8      | Noticed a two-headed ogre
 11242 | D:8      | Killed a two-headed ogre
 11243 | D:8      | Reached skill level 5 in Dodging
 12483 | D:7      | HP: 2/45 [yak (7)]
 12486 | D:7      | Slain by a yak

Illustrated notes

Levels and vault maps discovered:
D:1:      wander_arrival_fairy_ring, layout_basic
D:2:      minmay_chambers_of_ones, layout_loops_ring,
          chequers_ecumenical_altar_simple_redux, minmay_hexomino_p4
D:3:      layout_loops_ring
D:4:      layout_cave_pods, uniq_ijyb, uniq_blork_the_orc
D:5:      layout_loops_ring, okawaru_trees_1, grunt_qazlal_clouds,
          eino_small_chamber_without_monster, chequers_serial_rivers_large_b
D:6:      layout_cave_pools, minmay_temple_entry_nine_rooms
D:7:      layout_basic, nicolae_overflow_hidden_temple, kennysheep_little_box,
          serial_shops, shop, shop_fountains, shop_fountains, shop_fountains
D:8:      layout_basic, hangedman_ru_absence
Temple:   regret_index_temple_generic_petals

Skill      XL: |  1  2  3  4  5  6  7  8  9 |
---------------+----------------------------+-----
Transmutations | 1 2 3 |  3.7
Air Magic      | 1 2 3 5 6 |  6.3
Dodging        | 3 4 5 |  5.3
Spellcasting   | 3 4 5 6 |  6.2
Poison Magic   | 4 5 6 |  6.8
Unarmed Combat | 1 2 3 4 |  4.7
Fire Magic     | 3 |  3.2
Axes           | |  0.4
Stealth        | |  2.0

Action                   |  1- 3 |  4- 6 |  7- 9 || total
-------------------------+-------+-------+-------++-------
Melee: Unarmed           |    27 |    51 |   109 ||   187
       Kick              |     6 |    24 |    50 ||    80
       Peck              |     2 |     7 |    20 ||    29
       Punch             |       |     1 |     4 ||     5
       Trident           |       |       |     3 ||     3
 Cast: Sting             |    23 |     9 |    34 ||    66
       Poisonous Vapours |    29 |    73 |   119 ||   221
       Ignite Poison     |       |       |     5 ||     5
  Use: Scroll            |       |     4 |    10 ||    14
       Potion            |       |       |     4 ||     4
 Stab: Sleeping          |       |       |     1 ||     1
Armor: Robe              |     2 |     7 |    12 ||    21
Dodge: Dodged            |    41 |    32 |    82 ||   155
Block: Other             |       |     1 |    35 ||    36
       Reflection        |       |       |     2 ||     2

Table legend: (Time is in decaauts)
 A = Elapsed time spent in this place.
 B = Non-inter-level travel time spent in this place.
 C = Inter-level travel time spent in this place.
 D = Time resting spent in this place.
 E = Time spent auto-exploring this place.
 F = Levels seen in this place.
 G = Mean time per level.
                   A        B        C        D        E       F      G
               +--------+--------+--------+--------+--------+-----+--------+
         Total |  12512 |  12188 |    324 |   5189 |   4774 |   9 | 1390.2 |
       Dungeon |  12438 |  12138 |    300 |   5189 |   4740 |   8 | 1554.8 |
        Temple |     73 |     49 |     24 |      0 |     34 |   1 |   73.0 |
               +--------+--------+--------+--------+--------+-----+--------+

Top non-repeatable levels by time:
     D:7: 2134 daAuts
     D:3: 1719 daAuts
     D:4: 1673 daAuts
     D:2: 1660 daAuts
     D:5: 1395 daAuts
     D:1: 1358 daAuts
     D:8: 1322 daAuts
     D:6: 1173 daAuts
  Temple: 73 daAuts
